 Dungeon Crawl Stone Soup version 0.19-a0-2013-g488b080 (webtiles) character file.

1294 Faca the Cleaver (level 8, -4/63 HPs)
             Began as a Minotaur Berserker on Jan 21, 2017.
             Was a Priest of Trog.
             Shot with an arrow by a centaur (14 damage)
             ... on level 6 of the Dungeon.
             The game lasted 00:10:36 (5308 turns).

Faca the Cleaver (Minotaur Berserker)               Turns: 5308, Time: 00:10:37

Health: -4/63      AC:  7    Str: 21      XL:     8   Next: 30%
Magic:  7/7        EV: 12    Int:  4      God:    Trog [***...]
Gold:   334        SH:  0    Dex: 12 (13) Spells: 7/7 levels left

rFire  . . .     SeeInvis .     q - +0 war axe
rCold  . . .     Faith    .     p - +0 scale mail
rNeg   . . .     Spirit   .     (no shield)
rPois  .         Reflect  .     (helmet restricted)
rElec  .         Rnd*Tele +     (no cloak)
rCorr  .                        (no gloves)
MR     .....                    (no boots)
Stlth  ..........               (no amulet)
                                (no ring)
                                (no ring)

@: no status effects
A: retaliatory headbutt, horns 2, frail 1, teleportitis 1, MP-powered wands
a: Berserk, Trog's Hand, Burn Spellbooks, Renounce Religion


You were on level 6 of the Dungeon.
You worshipped Trog.
Trog was most pleased with you.
You were not hungry.

You visited 1 branch of the dungeon, and saw 6 of its levels.

You collected 334 gold pieces.

Inventory:

Hand Weapons
 j - a +0 flail of protection
 q - a +0 war axe (weapon)
 s - a +1 shortbow of flaming
 t - a +2 whip of electrocution
Missiles
 e - 357 arrows
Armour
 p - a +0 scale mail (worn)
 u - a +0 plate armour
Wands
 l - a wand of slowing (9/24)
 m - a wand of lightning (7/15)
 r - a wand of lightning (8/15)
Scrolls
 b - a scroll of fear
 c - 4 scrolls of teleportation
 d - a scroll of fog
 i - a scroll of recharging
 k - a scroll of blinking
 o - a scroll of enchant weapon
Potions
 a - 2 potions of magic
 f - a potion of cancellation
 g - a potion of curing
 h - a potion of brilliance
 n - a potion of flight


   Skills:
 + Level 6.5 Fighting
 + Level 8.2 Axes
 + Level 6.1 Armour
 + Level 4.4 Dodging
 + Level 2.2 Stealth


You had 7 spell levels left.
You didn't know any spells.

Dungeon Overview and Level Annotations

Branches:
Dungeon (6/15)             Temple (0/1) D:6
   Lair: D:-1         Crypt: Vaults:-1     Tomb: Vaults:-1

Altars:
Hepliaklqana
Makhleb


Innate Abilities, Weirdness & Mutations

You reflexively headbutt those who attack you in melee.
You have a pair of horns on your head.
You are frail. (-10% HP)
You are occasionally teleported next to monsters.
You expend magic power (3 MP) to strengthen your wands.


Message History

Trog appreciates your killing of a magic user.
Reactivating autopickup.
You feel a bit more experienced. The quasit bites you (2).
* * * LOW HITPOINT WARNING * * *
The quasit claws you but does no damage.
The quasit barely misses you. The quasit closely misses you.
You furiously retaliate!
You headbutt the quasit (16)!
You kill the quasit!
Trog accepts your kill.
Items here: ( )) [ † a +0 dagger; a +0 robe; a +2 whip of electrocution; 4 tomahawks; an orc corpse
t - a +2 whip of electrocution
Things that are here:
a -3 mace; a +0 plate armour; an orc corpse
u - a +0 plate armour A centaur comes into view.
The centaur shouts!
The centaur wields a +0 shortbow.
The centaur shoots an arrow.
The arrow hits you (14)!
You die...

... #.####
.....
#...###
#>.... .
#...#####.
.
#.........
# #))# #
#)@# #
#.†# #
#..c
..#####
#....
#......
#..#..
#..####
...#.#.
#..
##......
##.# ...
#### #...
####


You could see a centaur.

Vanquished Creatures
  Prince Ribbit (D:5)
  Menkaure (D:6)
  An orc warrior (D:6)
  A centaur (D:5)
  A water moccasin zombie (D:5)
  A scorpion (D:5)
  2 howler monkeys
  2 quasits (D:6)
  2 crimson imps (D:5)
  2 orc priests
  4 orc wizards
  Jessica (D:2)
  3 worker ants
  A hound skeleton (D:5)
  8 adders
  3 oozes
  4 dart slugs
  3 leopard geckos
  13 orcs
  6 giant cockroaches
  2 goblins
  12 hobgoblins
  10 jackals
  4 quokkas
  3 ball pythons
  6 bats
  4 frilled lizards
  A giant cockroach zombie (D:6)
  12 kobolds
  A leopard gecko skeleton (D:4)
  A leopard gecko zombie (D:4)
  9 rats
125 creatures vanquished.

Notes
Turn   | Place    | Note
-------+----------+-------------------------------------------
     0 | D:1      | Faca the Minotaur Berserker began the quest for the Orb.
     0 | D:1      | Reached XP level 1. HP: 19/19 MP: 0/0
   268 | D:1      | Reached XP level 2. HP: 13/27 MP: 1/1
   460 | D:1      | Reached skill level 4 in Axes
   737 | D:1      | Reached XP level 3. HP: 29/33 MP: 2/2
   976 | D:2      | Noticed Jessica
   983 | D:2      | Killed Jessica
   983 | D:2      | Reached XP level 4. HP: 14/41 MP: 3/3
  1347 | D:2      | Reached ** piety under Trog
  1443 | D:2      | Reached skill level 5 in Axes
  1595 | D:2      | Reached XP level 5. HP: 43/47 MP: 4/4
  1725 | D:2      | Found a hazy altar of Hepliaklqana.
  2548 | D:3      | Reached skill level 5 in Fighting
  2548 | D:3      | Reached skill level 6 in Axes
  2966 | D:4      | Reached XP level 6. HP: 47/56 MP: 5/5
  3376 | D:4      | Reached *** piety under Trog
  3694 | D:5      | Entered Level 5 of the Dungeon
  3695 | D:5      | Noticed Prince Ribbit
  4061 | D:5      | Reached skill level 1 in Stealth
  4483 | D:5      | Killed Prince Ribbit
  4483 | D:5      | Reached XP level 7. HP: 61/61 MP: 6/6
  4505 | D:5      | Found a burning altar of Makhleb.
  4628 | D:5      | Reached skill level 7 in Axes
  4870 | D:5      | Reached skill level 5 in Armour
  5031 | D:5      | Gained mutation: You are occasionally teleported next to monsters. [potion of mutation]
  5031 | D:5      | Gained mutation: You expend magic power (3 MP) to strengthen your wands. [potion of mutation]
  5031 | D:5      | Gained mutation: You are frail. (-10% HP) [potion of mutation]
  5121 | D:6      | Noticed Menkaure
  5126 | D:6      | Killed Menkaure
  5126 | D:6      | Reached XP level 8. HP: 63/63 MP: 7/7
  5278 | D:6      | Found a staircase to the Ecumenical Temple.
  5301 | D:6      | Reached skill level 8 in Axes
  5308 | D:6      | Shot with an arrow by a centaur

Vault maps used:
D:1:      lightli_arrival_noodles, kennysheep_boxes
D:2:      lemuel_crystal_altar, uniq_jessica
D:3:      first_bread
D:4:      minmay_misc_feat_room
D:5:      makhleb_grotto_becter, uniq_prince_ribbit1
D:6:      hangedman_decor_riveting, uniq_menkaure

Skill      XL: |  1  2  3  4  5  6  7  8 |
---------------+-------------------------+-----
Fighting       | 4 5 6 |  6.5
Axes           | 4 5 6 7 8 |  8.2
Dodging        | 3 4 |  4.4
Armour         | 3 4 5 6 |  6.1
Stealth        | 1 2 |  2.2

Action                   |  1- 3 |  4- 6 |  7- 9 || total
-------------------------+-------+-------+-------++-------
Melee: Hand axe          |    57 |   150 |     8 ||   215
       Headbutt          |    11 |    31 |    14 ||    56
       War axe           |       |       |    54 ||    54
Invok: Berserk           |     1 |       |       ||     1
       Burn Spellbooks   |       |     2 |       ||     2
  Use: Potion            |       |     2 |     1 ||     3
Armor: Animal skin       |    10 |       |       ||    10
       Ring mail         |       |    34 |     1 ||    35
       Scale mail        |       |       |    31 ||    31
Dodge: Dodged            |    49 |   104 |    55 ||   208
